 Dungeon Crawl Stone Soup version 0.19.1-1-g22dce08 (webtiles) character file.

51 McKennaii the Gusty (level 3, -2/21 HPs)
             Began as a High Elf Air Elementalist on Jan 7, 2017.
             Killed from afar by Natasha (8 damage)
             ... with a magic dart
             ... on level 2 of the Dungeon.
             The game lasted 00:02:09 (1314 turns).

McKennaii the Gusty (High Elf Air Elementalist)     Turns: 1314, Time: 00:02:10

Health: -2/21      AC:  2    Str:  7    XL:     3   Next: 57%
Magic:  2/8        EV: 13    Int: 19    God:
Gold:   119        SH:  0    Dex: 16    Spells: 3 memorised, 3 levels left

rFire  . . .     SeeInvis .     (no weapon)
rCold  . . .     Gourm    .     a - +0 robe
rNeg   . . .     Faith    .     (no shield)
rPois  .         Spirit   .     (no helmet)
rElec  .         Reflect  .     (no cloak)
rCorr  .         Harm     .     (no gloves)
MR     .....                    (no boots)
Stlth  ++........               (no amulet)
                                (no ring)
                                (no ring)

@: slowed, very slow
A: no striking features
a: no special abilities


You were on level 2 of the Dungeon.
You were very hungry.

You visited 1 branch of the dungeon, and saw 2 of its levels.

You collected 119 gold pieces.

Inventory:

Armour
 a - a +0 robe (worn)
Scrolls
 e - a scroll of identify {unknown}
 h - 2 scrolls of enchant weapon {unknown}
Potions
 d - 2 potions of curing {unknown}
 f - a potion of haste {unknown}
 g - 3 potions of brilliance {unknown}
Books
 b - a book of Air

   Spells                             Type                      Level
   a - Shock                          Conjuration/Air              1
   b - Swiftness                      Charms/Air                   2
   c - Repel Missiles                 Charms/Air                   2
   d - Static Discharge               Conjuration/Air              3
   e - Lightning Bolt                 Conjuration/Air              5
Comestibles
 c - 2 bread rations


   Skills:
 + Level 2.3 Dodging
 + Level 2.3 Stealth
 + Level 0.4 Unarmed Combat
 + Level 3.1 Spellcasting
 + Level 1.3 Conjurations
 + Level 4.6 Air Magic


You had 3 spell levels left.
You knew the following spells:

 Your Spells              Type           Power        Failure   Level  Hunger
a - Shock                 Conj/Air       ##..         6%          1    None
b - Swiftness             Chrm/Air       ##......     10%         2    ##.....
c - Repel Missiles        Chrm/Air       ##....       10%         2    ##.....


Dungeon Overview and Level Annotations

Branches:
Dungeon (2/15)

Altars:
Qazlal

Annotations:
D:2 Natasha


Message History

Natasha casts a spell at you. The magic dart hits you!
* * * LOW HITPOINT WARNING * * *
Natasha extends her claws.
Natasha casts a spell at you.
You feel yourself slow down.
Natasha mumbles some strange words.
Natasha shimmers violently.
Natasha stares at you and mumbles some strange words.
You resist with some effort.
Casting: Shock
Confirm with . or Enter, or press ? or * to list all spells.
Aiming: Shock
Press: ? - help, Shift-Dir - straight line, f/p - Natasha
Aim: Natasha (heavily wounded)
The zap hits Natasha.
Natasha is severely wounded.
Natasha stares at you and mumbles some strange words.
The magic dart hits you!
You die...

........###.#.#.#
........'...#.#.#
........###.#.#.#
........#
#.#.#.####
...##'###
###.#...># .####.#
#.####.# .# #.#
#......# .#
#.##############
.####...........@.#
...##############.#
.#.# #.# .#.#
######### #.# .#.#
#.......# #h#
.#.###.......# #.#
##.#.'.......# #.#
.#.#.#.......# #.#
.#.#.#.......# #.#


You could see Natasha.

Vanquished Creatures
  An adder (D:2)
  An ooze (D:1)
  2 worms (D:2)
  A leopard gecko (D:1)
  3 giant cockroaches
  4 goblins
  4 hobgoblins
  2 kobolds
  A quokka (D:2)
  5 bats
  A frilled lizard (D:1)
  4 rats (D:1)
29 creatures vanquished.

Notes
Turn   | Place    | Note
-------+----------+-------------------------------------------
     0 | D:1      | McKennaii the High Elf Air Elementalist began the quest for the Orb.
     0 | D:1      | Reached XP level 1. HP: 11/11 MP: 4/4
    25 | D:1      | Reached skill level 4 in Air Magic
    42 | D:1      | Reached XP level 2. HP: 9/17 MP: 1/6
    95 | D:1      | Learned a level 2 spell: Swiftness
    98 | D:1      | Learned a level 2 spell: Repel Missiles
   855 | D:2      | Reached XP level 3. HP: 21/21 MP: 0/8
  1046 | D:2      | Noticed an earth elemental
  1048 | D:2      | Found a stormy altar of Qazlal.
  1049 | D:2      | Noticed a water elemental
  1049 | D:2      | Noticed an air elemental
  1049 | D:2      | Noticed a fire elemental
  1305 | D:2      | Noticed Natasha
  1314 | D:2      | Killed from afar by Natasha

Skill      XL: |  1  2  3 |
---------------+----------+-----
Air Magic      | 4 |  4.6
Spellcasting   | 3 |  3.1
Dodging        | |  2.3
Stealth        | |  2.3
Unarmed Combat | |  0.4
Conjurations   | |  1.3

Action                   || total
-------------------------++-------
Melee: Unarmed           ||    18
 Cast: Shock             ||    67
Armor: Robe              ||     4
Dodge: Dodged            ||    19
